TOP OF THE 1ST |
Spokane Trappers batting - Pitching for Santa Monica Bruins : RHP Riley Johnston
|
Pitching: RHP Riley Johnston
|
|
Batting: LHB Juan Viera
|
0-0: Called Strike 0-1: SINGLE (Groundball, 4M) (infield hit)
|
Batting: RHB Ramiro Ross
|
0-0: Ball 1-0: SINGLE (Flyball, 9LM) Juan Viera to second Runner from 2nd tries for 3rd, SAFE, throw made to third
|
Batting: LHB José Berroa
|
0-0: Swinging Strike 0-1: Ball 1-1: Foul Ball, location: 2F 1-2: Foul Ball, location: 2F 1-2: Ball 2-2: Fly out, F8 (Flyball, 78M) Runner from 3rd tags up, SCORES, no throw
|
Batting: SHB Glenn Vadnais
|
0-0: Ball 1-0: Called Strike 1-1: Called Strike 1-2: Strikes out looking
|
Batting: RHB José Gómez
|
0-0: Called Strike 0-1: Foul Ball, location: 2F 0-2: Fly out, F9 (Flyball, 89D)
|
Top of the 1st over - 1 run(s), 2 hit(s), 0 error(s), 1 left on base; Spokane 1 - Santa Monica 0 |
BOTTOM OF THE 1ST |
Santa Monica Bruins batting - Pitching for Spokane Trappers : RHP Jae-hyun Ch'oe
|
Pitching: RHP Jae-hyun Ch'oe
|
|
Batting: LHB Francisco Medina
|
0-0: Ball 1-0: SINGLE (Groundball, 4MD)
|
Batting: RHB Alfredo López
|
0-0: Ball 1-0: Swinging Strike 1-1: Ball 2-1: Fly out, F9 (Flyball, 9S)
|
Batting: LHB Sammy Marshall
|
0-0: Called Strike 0-1: Ball 1-1: Ball 2-1: Ball 3-1: Foul Ball, location: 2F 3-2: Fly out, F5 (Popup, 5D)
|
Batting: RHB Luis Martínez
|
0-0: Ball 1-0: Swinging Strike 1-1: Called Strike 1-2: Ball 2-2: Ball 3-2: Base on Balls Francisco Medina to second
|
Batting: RHB Johnny Williams
|
0-0: Ball 1-0: Ball 2-0: Ball 3-0: Base on Balls Francisco Medina to third Luis Martínez to second
|
Batting: SHB Adrián Nieto
|
0-0: Ball 1-0: Called Strike 1-1: Swinging Strike 1-2: Ball 2-2: Hit by Pitch Francisco Medina scores Luis Martínez to third Johnny Williams to second
|
Batting: SHB Ray Burgess
|
0-0: Called Strike 0-1: Ball 1-1: Ball 2-1: Swinging Strike 2-2: Fly out, F8 (Line Drive, 8LM)
|
Bottom of the 1st over - 1 run(s), 1 hit(s), 0 error(s), 3 left on base; Spokane 1 - Santa Monica 1 |
TOP OF THE 2ND |
Spokane Trappers batting - Pitching for Santa Monica Bruins : RHP Riley Johnston
|
Batting: RHB Toru Nakanishi
|
0-0: Called Strike 0-1: Ball 1-1: Called Strike 1-2: Ball 2-2: Strikes out swinging, 2-3 out at first.
|
Batting: RHB Luis González
|
0-0: Ball 1-0: Ball 2-0: SOLO HOME RUN (Line Drive, 7D), Distance : 346 ft
|
Batting: RHB Alejandro Ramos
|
0-0: Foul Ball, location: 2F 0-1: SINGLE (Groundball, 56S) (infield hit)
|
Batting: SHB Júlio Romano
|
0-0: Ball 1-0: Ball 2-0: Swinging Strike 2-1: Foul Ball, location: 2F 2-2: Strikes out swinging
|
Batting: LHB Juan Viera
|
0-0: Ball Passed Ball! Alejandro Ramos to second 1-0: Ground out 4-3 (Groundball, 34)
|
Top of the 2nd over - 1 run(s), 2 hit(s), 0 error(s), 1 left on base; Spokane 2 - Santa Monica 1 |
BOTTOM OF THE 2ND |
Santa Monica Bruins batting - Pitching for Spokane Trappers : RHP Jae-hyun Ch'oe
|
Batting: RHB António López
|
0-0: Ball 1-0: Swinging Strike 1-1: Swinging Strike 1-2: Ball 2-2: Strikes out swinging
|
Batting: RHB Bonifacio Torres
|
0-0: Ball 1-0: Swinging Strike 1-1: Ball 2-1: DOUBLE (Flyball, 8LD)
|
Batting: LHB Francisco Medina
|
0-0: DOUBLE (Line Drive, 9LD) Bonifacio Torres scores
|
Batting: RHB Alfredo López
|
0-0: Ball 1-0: Foul Ball, location: 2F 1-1: Ball 2-1: Ball 3-1: Foul Ball, location: 2F 3-2: Foul Ball, location: 2F 3-2: Fly out, F9 (Line Drive, 9D) Runner from 2nd tags up, SAFE at 3rd, no throw
|
Batting: LHB Sammy Marshall
|
0-0: Fly out, F9 (Line Drive, 9)
|
Bottom of the 2nd over - 1 run(s), 2 hit(s), 0 error(s), 1 left on base; Spokane 2 - Santa Monica 2 |
TOP OF THE 3RD |
Spokane Trappers batting - Pitching for Santa Monica Bruins : RHP Riley Johnston
|
Batting: RHB Ramiro Ross
|
0-0: Ball 1-0: Ball 2-0: Ball 3-0: Base on Balls
|
Batting: LHB José Berroa
|
0-0: Ball Wild Pitch! Ramiro Ross to second 1-0: Ball 2-0: Called Strike 2-1: SINGLE (Groundball, 6MD) Ramiro Ross to third
|
Batting: SHB Glenn Vadnais
|
0-0: Called Strike 0-1: Ball 1-1: Called Strike 1-2: Ball 2-2: Ball 3-2: Base on Balls José Berroa to second
|
Batting: RHB José Gómez
|
0-0: Ball 1-0: Ball 2-0: Ball 3-0: Base on Balls Ramiro Ross scores José Berroa to third Glenn Vadnais to second
|
Batting: RHB Toru Nakanishi
|
0-0: Ball 1-0: Swinging Strike 1-1: Ball 2-1: Foul Ball, location: 2F 2-2: Ball 3-2: Strikes out looking
|
Batting: RHB Luis González
|
0-0: Ball 1-0: SINGLE (Line Drive, 89S) José Berroa scores Glenn Vadnais to third José Gómez to second
|
Batting: RHB Alejandro Ramos
|
0-0: Called Strike 0-1: Ball 1-1: Swinging Strike 1-2: GRAND SLAM HOME RUN (Flyball, 7D), Distance : 362 ft
|
Pitching: RHP Álex Serrea
|
|
Batting: SHB Júlio Romano
|
0-0: Swinging Strike 0-1: Swinging Strike 0-2: Ball 1-2: Foul Ball, location: 2F 1-2: Ground out 6-3 (Groundball, 6M)
|
Batting: LHB Juan Viera
|
0-0: Called Strike 0-1: Swinging Strike 0-2: Strikes out swinging
|
Top of the 3rd over - 6 run(s), 3 hit(s), 0 error(s), 0 left on base; Spokane 8 - Santa Monica 2 |
BOTTOM OF THE 3RD |
Santa Monica Bruins batting - Pitching for Spokane Trappers : RHP Jae-hyun Ch'oe
|
Batting: RHB Luis Martínez
|
0-0: Called Strike 0-1: Ball 1-1: Ball 2-1: Ball 3-1: Called Strike 3-2: Strikes out swinging
|
Batting: RHB Johnny Williams
|
0-0: Foul Ball, location: 2F 0-1: Foul Ball, location: 2F 0-2: DOUBLE (Line Drive, 7LM)
|
Batting: SHB Adrián Nieto
|
0-0: Ball 1-0: Called Strike 1-1: Called Strike 1-2: Foul Ball, location: 2F 1-2: Ball 2-2: Foul Ball, location: 2F 2-2: Foul Ball, location: 2F 2-2: Ground out 4-3 (Groundball, 4S) Johnny Williams to third
|
Batting: SHB Ray Burgess
|
0-0: Called Strike 0-1: Ball 1-1: Foul Ball, location: 2F 1-2: Foul Ball, location: 2F 1-2: Foul Ball, location: 2F 1-2: Ball 2-2: Ball 3-2: Base on Balls
|
Batting: RHB António López
|
0-0: Foul Ball, location: 2F 0-1: Foul Ball, location: 2F 0-2: Foul Ball, location: 2F 0-2: Strikes out looking
|
Bottom of the 3rd over - 0 run(s), 1 hit(s), 0 error(s), 2 left on base; Spokane 8 - Santa Monica 2 |
TOP OF THE 4TH |
Spokane Trappers batting - Pitching for Santa Monica Bruins : RHP Álex Serrea
|
Batting: RHB Ramiro Ross
|
0-0: Fly out, F6 (Popup, 6D)
|
Batting: LHB José Berroa
|
0-0: Ball 1-0: Called Strike 1-1: Called Strike 1-2: Ball 2-2: Ball 3-2: Strikes out swinging
|
Batting: SHB Glenn Vadnais
|
0-0: Called Strike 0-1: Ball 1-1: Foul Ball, location: 2F 1-2: Strikes out swinging
|
Top of the 4th over - 0 run(s), 0 hit(s), 0 error(s), 0 left on base; Spokane 8 - Santa Monica 2 |
BOTTOM OF THE 4TH |
Santa Monica Bruins batting - Pitching for Spokane Trappers : RHP Jae-hyun Ch'oe
|
Batting: RHB Bonifacio Torres
|
0-0: Foul Ball, location: 2F 0-1: Ball 1-1: Fly out, F9 (Flyball, 9)
|
Batting: LHB Francisco Medina
|
0-0: Ball 1-0: Ball 2-0: Ball 3-0: Called Strike 3-1: SINGLE (Flyball, 7LS)
|
Batting: RHB Alfredo López
|
0-0: Ball 1-0: SINGLE (Line Drive, 78S) Francisco Medina to second
|
Batting: LHB Sammy Marshall
|
0-0: Called Strike 0-1: Ball 1-1: Ball 2-1: Called Strike 2-2: Foul Ball, location: 2F 2-2: Foul Ball, location: 2F 2-2: Ball 3-2: Base on Balls Francisco Medina to third Alfredo López to second
|
Batting: RHB Luis Martínez
|
0-0: Ball 1-0: Swinging Strike 1-1: Swinging Strike 1-2: Foul Ball, location: 2F 1-2: Foul Ball, location: 2F 1-2: Ball 2-2: Ball 3-2: Fly out, F7 (Flyball, 7LDF) Runner from 3rd tags up, SCORES, no throw
|
Pitching: RHP Beau Murphy
|
|
Batting: RHB Johnny Williams
|
0-0: SINGLE (Groundball, 6MD) Alfredo López to third Sammy Marshall to second Runner from 3rd tries for Home, throw and OUT!
|
Bottom of the 4th over - 1 run(s), 3 hit(s), 0 error(s), 2 left on base; Spokane 8 - Santa Monica 3 |
TOP OF THE 5TH |
Spokane Trappers batting - Pitching for Santa Monica Bruins : RHP Álex Serrea
|
Batting: RHB José Gómez
|
0-0: Called Strike 0-1: Foul Ball, location: 2F 0-2: Ball 1-2: Ball 2-2: Ball 3-2: Base on Balls
|
Batting: RHB Toru Nakanishi
|
0-0: Called Strike 0-1: Foul Ball, location: 2F 0-2: Ball 1-2: Ball 2-2: Ball 3-2: Foul Ball, location: 2F 3-2: Foul Ball, location: 2F 3-2: Strikes out looking
|
Batting: RHB Luis González
|
0-0: Called Strike 0-1: Ball 1-1: Ball 2-1: Swinging Strike 2-2: Strikes out swinging
|
Batting: RHB Alejandro Ramos
|
0-0: Called Strike 0-1: Foul Ball, location: 2F 0-2: Ball 1-2: Ball 2-2: Ball 3-2: Foul Ball, location: 2F 3-2: Ground out 6-3 (Groundball, 6)
|
Top of the 5th over - 0 run(s), 0 hit(s), 0 error(s), 1 left on base; Spokane 8 - Santa Monica 3 |
BOTTOM OF THE 5TH |
Santa Monica Bruins batting - Pitching for Spokane Trappers : RHP Beau Murphy
|
Batting: SHB Adrián Nieto
|
0-0: Foul Ball, location: 2F 0-1: Ball 1-1: Called Strike 1-2: Ground out 1-3 (Groundball, P)
|
Batting: SHB Ray Burgess
|
0-0: Foul Ball, location: 2F 0-1: Ball 1-1: SINGLE (Line Drive, 6MD)
|
Batting: RHB António López
|
0-0: Ball 1-0: Ball 2-0: Ball 3-0: Called Strike 3-1: Fly out, F4 (Line Drive, 4)
|
Batting: RHB Bonifacio Torres
|
0-0: Ball 1-0: Foul Ball, location: 2F 1-1: Ball 2-1: Called Strike 2-2: Foul Ball, location: 2F 2-2: Ball 3-2: Base on Balls Ray Burgess to second
|
Batting: LHB Francisco Medina
|
0-0: Ball 1-0: Foul Ball, location: 2F 1-1: Ball 2-1: Foul Ball, location: 2F 2-2: Ball 3-2: Foul Ball, location: 2F 3-2: Strikes out swinging
|
Bottom of the 5th over - 0 run(s), 1 hit(s), 0 error(s), 2 left on base; Spokane 8 - Santa Monica 3 |
TOP OF THE 6TH |
Spokane Trappers batting - Pitching for Santa Monica Bruins : RHP Álex Serrea
|
Pitching: RHP Rafael Blanco
|
|
Batting: SHB Júlio Romano
|
0-0: Foul Ball, location: 2F 0-1: Swinging Strike 0-2: Strikes out swinging
|
Batting: LHB Juan Viera
|
0-0: Ball 1-0: Ball 2-0: Called Strike 2-1: Ball 3-1: Fly out, F5 (Popup, 56)
|
Batting: RHB Ramiro Ross
|
0-0: Ball 1-0: Fly out, F3 (Line Drive, 3)
|
Top of the 6th over - 0 run(s), 0 hit(s), 0 error(s), 0 left on base; Spokane 8 - Santa Monica 3 |
BOTTOM OF THE 6TH |
Santa Monica Bruins batting - Pitching for Spokane Trappers : RHP Beau Murphy
|
Batting: RHB Alfredo López
|
0-0: Foul Ball, location: 2F 0-1: Fly out, F9 (Flyball, 89M)
|
Batting: LHB Sammy Marshall
|
0-0: Foul Ball, location: 2F 0-1: Foul Ball, location: 2F 0-2: Ball 1-2: Fly out, F6 (Popup, 6M)
|
Batting: RHB Luis Martínez
|
0-0: Ball 1-0: Ball 2-0: Ball 3-0: Base on Balls
|
Batting: RHB Johnny Williams
|
0-0: Foul Ball, location: 2F 0-1: Ball 1-1: Ball 2-1: Foul Ball, location: 2F 2-2: Foul Ball, location: 2F 2-2: Foul Ball, location: 2F 2-2: Strikes out swinging
|
Bottom of the 6th over - 0 run(s), 0 hit(s), 0 error(s), 1 left on base; Spokane 8 - Santa Monica 3 |
TOP OF THE 7TH |
Spokane Trappers batting - Pitching for Santa Monica Bruins : RHP Rafael Blanco
|
Batting: LHB José Berroa
|
0-0: Called Strike 0-1: Ball 1-1: Swinging Strike 1-2: SINGLE (Line Drive, 4MD)
|
Batting: SHB Glenn Vadnais
|
0-0: Ball 1-0: Ball 2-0: Ball 3-0: Base on Balls José Berroa to second
|
Batting: RHB José Gómez
|
0-0: Foul Ball, location: 2F 0-1: Called Strike 0-2: Fly out, F9 (Flyball, 9D) Runner from 2nd tags up, SAFE at 3rd, no throw
|
Batting: RHB Toru Nakanishi
|
0-0: Foul Ball, location: 2F 0-1: Swinging Strike 0-2: Ball 1-2: Ball 2-2: Fly out, F4 (Popup, 34D)
|
Batting: RHB Luis González
|
0-0: Foul Ball, location: 2F 0-1: Called Strike 0-2: Strikes out looking
|
Top of the 7th over - 0 run(s), 1 hit(s), 0 error(s), 2 left on base; Spokane 8 - Santa Monica 3 |
BOTTOM OF THE 7TH |
Santa Monica Bruins batting - Pitching for Spokane Trappers : RHP Beau Murphy
|
Batting: SHB Adrián Nieto
|
0-0: Ground out 3-1 (Groundball, 34)
|
Batting: SHB Ray Burgess
|
0-0: Ball 1-0: Swinging Strike 1-1: Fly out, F9 (Flyball, 9)
|
Batting: RHB António López
|
0-0: Ball 1-0: Ball 2-0: Called Strike 2-1: Ball 3-1: Base on Balls
|
Batting: RHB Bonifacio Torres
|
0-0: Ball 1-0: Ball 2-0: Ball 3-0: Called Strike 3-1: Called Strike 3-2: SINGLE (Groundball, 56S) (infield hit) António López to second
|
Pitching: RHP José Navarro
|
|
Batting: LHB Francisco Medina
|
0-0: Called Strike 0-1: Ball 1-1: Ball 2-1: Ball 3-1: Foul Ball, location: 2F 3-2: Foul Ball, location: 2F 3-2: Fly out, F7 (Flyball, 7LMF)
|
Bottom of the 7th over - 0 run(s), 1 hit(s), 0 error(s), 2 left on base; Spokane 8 - Santa Monica 3 |
TOP OF THE 8TH |
Spokane Trappers batting - Pitching for Santa Monica Bruins : RHP Rafael Blanco
|
Batting: RHB Alejandro Ramos
|
0-0: Called Strike 0-1: Ball 1-1: SINGLE (Line Drive, 8LS)
|
Batting: SHB Júlio Romano
|
0-0: Ball 1-0: SINGLE (Groundball, 4D) Alejandro Ramos to second Runner from 2nd tries for 3rd, SAFE, throw made to third Júlio Romano to second
|
Batting: LHB Juan Viera
|
0-0: Ball 1-0: Ground out 6-3 (Groundball, 6) Alejandro Ramos scores Júlio Romano to third
|
Batting: RHB Ramiro Ross
|
0-0: Swinging Strike 0-1: Swinging Strike 0-2: Ball 1-2: Ball 2-2: Ball 3-2: Fly out, F9 (Flyball, 9S) Runner from 3rd tags up, SCORES, throw made
|
Batting: LHB José Berroa
|
0-0: Ball 1-0: Foul Ball, location: 2F 1-1: Foul Ball, location: 2F 1-2: Strikes out swinging
|
Top of the 8th over - 2 run(s), 2 hit(s), 0 error(s), 0 left on base; Spokane 10 - Santa Monica 3 |
BOTTOM OF THE 8TH |
Santa Monica Bruins batting - Pitching for Spokane Trappers : RHP José Navarro
|
Batting: RHB Alfredo López
|
0-0: Ball 1-0: SINGLE (Flyball, 8RS)
|
Batting: LHB Sammy Marshall
|
0-0: Ball 1-0: Ball 2-0: Ball 3-0: Base on Balls Alfredo López to second
|
Batting: RHB Luis Martínez
|
0-0: Ball 1-0: Called Strike 1-1: Foul Ball, location: 2F 1-2: SINGLE (Groundball, 6MD) Alfredo López to third Sammy Marshall to second Runner from 3rd tries for Home, SAFE, throw made home
|
Batting: RHB Johnny Williams
|
0-0: Foul Ball, location: 2F 0-1: Ball 1-1: Ball 2-1: SINGLE (Line Drive, 89S) Sammy Marshall to third Luis Martínez to second Runner from 3rd tries for Home, SAFE, no throw
|
Batting: SHB Adrián Nieto
|
0-0: Ground out 3-1 (Groundball, 34S) Luis Martínez to third Johnny Williams to second
|
Batting: SHB Ray Burgess
|
0-0: Fly out, F8 (Line Drive, 89XD) Runner from 3rd tags up, SCORES, no throw Johnny Williams to third
|
Pitching: LHP Howard Bailey
|
|
Batting: RHB António López
|
0-0: Ball 1-0: Called Strike 1-1: Foul Ball, location: 2F 1-2: Ball Wild Pitch! Johnny Williams scores 2-2: Ground out 6-3 (Groundball, 6)
|
Bottom of the 8th over - 4 run(s), 3 hit(s), 0 error(s), 0 left on base; Spokane 10 - Santa Monica 7 |
TOP OF THE 9TH |
Spokane Trappers batting - Pitching for Santa Monica Bruins : RHP Rafael Blanco
|
Pitching: RHP Keith Harper
|
|
Batting: SHB Glenn Vadnais
|
0-0: Foul Ball, location: 2F 0-1: Ball 1-1: Called Strike 1-2: SINGLE (Flyball, 8RS)
|
Batting: RHB José Gómez
|
0-0: Grounds into double play, 5-4-3 (Groundball, 56)
|
Batting: RHB Toru Nakanishi
|
0-0: Called Strike 0-1: Foul Ball, location: 2F 0-2: Strikes out looking
|
Top of the 9th over - 0 run(s), 1 hit(s), 0 error(s), 0 left on base; Spokane 10 - Santa Monica 7 |
BOTTOM OF THE 9TH |
Santa Monica Bruins batting - Pitching for Spokane Trappers : LHP Howard Bailey
|
Pitching: LHP Steve Paredes
|
|
Batting: RHB Bonifacio Torres
|
0-0: Foul Ball, location: 2F 0-1: Swinging Strike 0-2: Strikes out swinging
|
Batting: LHB Francisco Medina
|
0-0: Swinging Strike 0-1: Foul Ball, location: 2F 0-2: Fly out, F7 (Flyball, 7S)
|
Batting: RHB Alfredo López
|
0-0: Called Strike 0-1: Foul Ball, location: 2F 0-2: Foul Ball, location: 2F 0-2: Ball 1-2: Strikes out swinging
|
Bottom of the 9th over - 0 run(s), 0 hit(s), 0 error(s), 0 left on base; Spokane 10 - Santa Monica 7 |
|